[Event "Titled Tuesday Blitz October 5 2021"]
[White "Maiorov, Nikita"]
[Black "Khanin, Semen"]
[WhiteFideId "13501720"]
[BlackFideId "4111990"]
[WhiteElo "2456"]
[BlackElo "2436"]
[Result "0-1"]
[Round "03"]
[TimeControl "180+1"]
[Date "2021.10.05"]
[WhiteClock "0:00:10"]
[BlackClock "0:00:58"]

1. d4 g6 2. e4 Bg7 3. Nf3 d6 4. Bd3 Nf6 5. O-O O-O 6. c3 Nc6 7. Nbd2 e5 8. Re1 Re8 9. a4 exd4 10. cxd4 Nb4 11. Bb1 c5 12. d5 Bg4 13. Ra3 a6 14. a5 Nd7 15. h3 Bxf3 16. Nxf3 b5 17. axb6 Qxb6 18. Bd3 a5 19. Bf1 Ne5 20. Nxe5 Bxe5 21. Kh1 Bd4 22. f4 Ra7 23. Bc4 Rae7 24. e5 dxe5 25. f5 e4 26. Rg3 Qd6 27. Rg4 Nd3 28. Bxd3 exd3 29. Rf1 Qxd5 30. fxg6 hxg6 31. Qxd3 Re1 32. Rf4 c4 33. Qc2 R1e2 0-1


[Site "https://www.chess.com"]

[Event "Titled Tuesday Blitz October 5 2021"]
[White "Majdan, Joanna"]
[Black "Boyer, Mahel"]
[WhiteFideId "1121979"]
[BlackFideId "45102422"]
[WhiteElo "2270"]
[BlackElo "2328"]
[Result "0-1"]
[Round "03"]
[TimeControl "180+1"]
[Date "2021.10.05"]
[WhiteClock "0:01:00"]
[BlackClock "0:00:20"]

1. e4 Nc6 2. Nf3 d5 3. exd5 Qxd5 4. Nc3 Qh5 5. Be2 Bg4 6. O-O O-O-O 7. b4 Nf6 8. b5 Nd4 9. Nxd4 Rxd4 10. Bxg4+ Rxg4 11. Qf3 Qe5 12. d4 Qxd4 13. Rd1 Qc4 14. Ba3 e6 15. Bxf8 Rxf8 16. a4 Rd4 17. a5 Rfd8 18. Rxd4 Qxd4 19. a6 Nd5 20. axb7+ Kxb7 21. Ra3 Qf4 22. Qxf4 Nxf4 23. Kf1 Rd2 24. g3 Nh3 25. Ne4 Rxc2 26. Rf3 f5 27. Kg2 fxe4 28. Rf7 Rxf2+ 29. Rxf2 Nxf2 30. Kxf2 Kb6 31. Ke3 Kxb5 32. Kxe4 a5 33. Ke5 a4 34. Kxe6 a3 35. g4 a2 36. h4 a1=Q 37. g5 Qd4 38. Kf5 Qxh4 0-1


[Site "https://www.chess.com"]

[Event "Titled Tuesday Blitz October 5 2021"]
[White "Makarian, Rudik"]
[Black "Isajevsky, Anton"]
[WhiteFideId "44105681"]
[BlackFideId "4142500"]
[WhiteElo "2480"]
[BlackElo "2510"]
[Result "0-1"]
[Round "03"]
[TimeControl "180+1"]
[Date "2021.10.05"]
[WhiteClock "0:00:17"]
[BlackClock "0:00:26"]

1. d4 d5 2. c4 e6 3. Nf3 Nf6 4. Nc3 Be7 5. Bf4 O-O 6. e3 Nbd7 7. c5 Nh5 8. Bd3 c6 9. h4 Nxf4 10. exf4 b6 11. b4 bxc5 12. bxc5 Qa5 13. Qd2 Bd8 14. O-O Ba6 15. Rab1 Bxd3 16. Qxd3 Bc7 17. g3 Rfb8 18. Kg2 Rxb1 19. Rxb1 Rb8 20. Rxb8+ Nxb8 21. Qb1 Qa6 22. Nd1 Nd7 23. Ne3 Qb5 24. Qc2 Qb4 25. Ng4 f5 26. Ne3 h6 27. Qe2 Qb5 28. Qc2 Nf6 29. Ne5 Ne4 30. f3 Nf6 31. g4 fxg4 32. fxg4 Bxe5 33. fxe5 Ne4 34. Kf3 Qb4 35. Ke2 Qxd4 36. Qb3 Qd2+ 0-1


[Site "https://www.chess.com"]

[Event "Titled Tuesday Blitz October 5 2021"]
[White "Maksimovic, Bojan"]
[Black "Korobov, Anton"]
[WhiteFideId "14408120"]
[BlackFideId "14105730"]
[WhiteElo "2439"]
[BlackElo "2718"]
[Result "1/2-1/2"]
[Round "03"]
[TimeControl "180+1"]
[Date "2021.10.05"]
[WhiteClock "0:00:08"]
[BlackClock "0:00:14"]

1. e4 c5 2. Nf3 d6 3. d4 cxd4 4. Nxd4 Nf6 5. Nc3 a6 6. Bg5 Nbd7 7. Qe2 h6 8. Bh4 g6 9. f4 e5 10. fxe5 dxe5 11. O-O-O Qc7 12. Nb3 Bg7 13. Nd5 Nxd5 14. exd5 O-O 15. Be7 Re8 16. d6 Qc6 17. h4 a5 18. h5 g5 19. Qb5 a4 20. Nd2 Nc5 21. Qxc6 bxc6 22. Bc4 Ra7 23. Rhf1 Be6 24. Bxe6 Nxe6 25. Ne4 Rd7 26. g4 Rb8 27. c3 Rb5 28. Kc2 Nf4 29. c4 Rb4 30. Kc3 Rbb7 31. b3 axb3 32. axb3 Ne2+ 33. Kb2 Nd4 34. Rd3 Rxe7 35. dxe7 Rxe7 36. Ra1 f5 37. Ra8+ Kf7 38. Nd6+ Ke6 39. Rxd4 exd4 40. Nxf5 Rd7 41. Kc2 d3+ 42. Kd2 Be5 43. Re8+ Kf6 44. Rf8+ Ke6 45. Re8+ Kf6 46. Rf8+ Ke6 47. Re8+ 1/2-1/2


[Site "https://www.chess.com"]

[Event "Titled Tuesday Blitz October 5 2021"]
[White "Maly, Alexey"]
[Black "Yaniuk, Volodymyr"]
[WhiteFideId "14103184"]
[BlackFideId "14133083"]
[WhiteElo "2294"]
[BlackElo "2207"]
[Result "1-0"]
[Round "03"]
[TimeControl "180+1"]
[Date "2021.10.05"]
[WhiteClock "0:00:16"]
[BlackClock "0:00:09"]

1. d4 d5 2. c4 e6 3. Nf3 Nf6 4. e3 a6 5. Nbd2 b6 6. Bd3 Bb7 7. O-O Be7 8. Qe2 c5 9. b3 cxd4 10. Nxd4 O-O 11. Bb2 dxc4 12. Nxc4 b5 13. Ne5 Qb6 14. a4 bxa4 15. Rxa4 Nbd7 16. Nxd7 Nxd7 17. Qh5 Nf6 18. Qh3 h6 19. Rfa1 Rfd8 20. Bc4 Nd5 21. Qg3 Bf6 22. Qg4 Rdc8 23. Qe2 a5 24. h3 Nb4 25. Bc3 Rd8 26. Qg4 Kh8 27. Qe2 Rdc8 28. Qd2 Be7 29. Qe2 Bf6 30. Qd2 Rd8 31. Qe2 Nc6 32. Qh5 Nxd4 33. Bxd4 Bxd4 34. exd4 Qc6 35. Bf1 Qc7 36. Rxa5 Rxa5 37. Qxa5 Qxa5 38. Rxa5 Rxd4 39. Ra7 Rd7 40. Kh2 Bc6 41. Rxd7 Bxd7 42. Kg3 Kg8 43. Kf4 Kf8 44. Ke5 Ke7 45. b4 f6+ 46. Kd4 Kd6 47. h4 Bc6 48. g3 e5+ 49. Kc4 g5 50. hxg5 fxg5 51. b5 Bb7 52. Be2 Ba8 53. Kb4 Kc7 54. Kc5 Bb7 55. b6+ Kd7 56. Bb5+ Ke7 57. Bc6 Ba6 58. b7 Bxb7 59. Bxb7 h5 60. Kd5 Kf6 61. Ke4 h4 62. gxh4 gxh4 63. Bc8 Kg5 64. Kxe5 Kh5 65. Bh3 Kg5 66. f4+ Kg6 67. f5+ Kf7 68. f6 Kf8 69. Ke6 Ke8 70. f7+ Kf8 71. Bg4 Kg7 72. Ke7 1-0


[Site "https://www.chess.com"]

[Event "Titled Tuesday Blitz October 5 2021"]
[White "Martin Carmona, Gaston Manuel"]
[Black "Salinas Herrera, Pablo"]
[WhiteFideId "22284567"]
[BlackFideId "3407128"]
[WhiteElo "2161"]
[BlackElo "2541"]
[Result "1-0"]
[Round "03"]
[TimeControl "180+1"]
[Date "2021.10.05"]
[WhiteClock "0:00:40"]
[BlackClock "0:00:19"]

1. d4 d5 2. Nf3 Nf6 3. c4 c6 4. e3 g6 5. Nc3 Bg7 6. Be2 O-O 7. O-O Bg4 8. cxd5 cxd5 9. Qb3 Bc8 10. Ne5 Nc6 11. Nxc6 bxc6 12. Bd2 Rb8 13. Qxb8 e5 14. dxe5 Nd7 15. Qxa7 Bxe5 16. Bf3 Qf6 17. Qa4 Nc5 18. Qa5 Nd3 19. b3 h5 20. Be2 Bf5 21. Rad1 Nb2 22. Rc1 h4 23. f4 Bd6 24. Qa6 d4 25. Nd1 d3 26. Bf3 Nxd1 27. Rfxd1 h3 28. g3 Qe7 29. Qxc6 Bb4 30. Bxb4 Qxe3+ 31. Kh1 Rc8 32. Qxc8+ Bxc8 33. Rxc8+ Kh7 34. Rf1 Qd4 35. Bc3 1-0


[Site "https://www.chess.com"]

[Event "Titled Tuesday Blitz October 5 2021"]
[White "Martinez Reyes, Pedro Ramon"]
[Black "De Silva, L M S T"]
[WhiteFideId "3901807"]
[BlackFideId "9953698"]
[WhiteElo "2410"]
[BlackElo "1621"]
[Result "1-0"]
[Round "03"]
[TimeControl "180+1"]
[Date "2021.10.05"]
[WhiteClock "0:00:19"]
[BlackClock "0:00:15"]

1. e4 e5 2. Nf3 Nc6 3. d4 exd4 4. Nxd4 Qf6 5. Nxc6 Bc5 6. Qf3 dxc6 7. Nc3 Be6 8. Bd3 Qe7 9. Be3 O-O-O 10. Bxc5 Qxc5 11. O-O-O Ne7 12. Rhe1 Ng6 13. Qe3 Qa5 14. Kb1 Rhe8 15. a3 f5 16. Qg5 Ne5 17. Bf1 g6 18. Rxd8+ Rxd8 19. Qe7 Bf7 20. exf5 Re8 21. Qf6 gxf5 22. Qxf5+ Be6 23. Qh5 Bf7 24. Qf5+ Be6 25. Qxh7 b6 26. f4 Nf3 27. gxf3 Ba2+ 28. Kxa2 Rxe1 29. Bd3 Kb7 30. Qf5 b5 31. Be4 Qb6 32. Qe6 Re3 33. f5 b4 34. Na4 Qb5 35. Bxc6+ Qxc6 36. Qxe3 Qxa4 37. Qb3 1-0


[Site "https://www.chess.com"]

[Event "Titled Tuesday Blitz October 5 2021"]
[White "Mezentsev, Ivan"]
[Black "Moskalenko, Alexander"]
[WhiteFideId "13706195"]
[BlackFideId "4155351"]
[WhiteElo "2295"]
[BlackElo "2515"]
[Result "0-1"]
[Round "03"]
[TimeControl "180+1"]
[Date "2021.10.05"]
[WhiteClock "0:00:01"]
[BlackClock "0:00:43"]

1. d4 Nf6 2. Nf3 e6 3. Bf4 b6 4. e3 Bb7 5. Be2 Be7 6. h3 c5 7. O-O O-O 8. a4 h6 9. c3 Nc6 10. Na3 d5 11. Ne5 a6 12. Bd3 Nxe5 13. Bxe5 Nd7 14. Bg3 Bc6 15. Qe2 c4 16. Bc2 b5 17. e4 Re8 18. Nb1 dxe4 19. Bxe4 Bxe4 20. Qxe4 Nf6 21. Qe2 Qd5 22. Nd2 Rec8 23. Rfe1 b4 24. Qd1 bxc3 25. bxc3 Bd6 26. Bxd6 Qxd6 27. a5 Nd5 28. Qc2 Rab8 29. Ne4 Qc6 30. Nc5 Rb5 31. Ra4 Nf4 32. Qe4 Rxc5 33. dxc5 Qxa4 34. Qxf4 Rxc5 35. Qb8+ Kh7 36. Qa7 Rf5 37. Qxa6 Rxa5 38. Qb7 Rf5 39. Qe4 Kg8 40. Rb1 Rb5 41. Rxb5 Qxb5 42. Qd4 Qd5 43. Qe3 Qd1+ 44. Kh2 Qd6+ 45. g3 Qd5 46. g4 h5 47. Kg3 hxg4 48. hxg4 f6 49. f3 Kf7 50. Kf2 e5 51. Qa7+ Kg6 52. Qe3 Kh7 53. Kg3 Kg8 54. Kf2 Qd1 55. Kg3 Qf1 56. Kh2 Qd3 57. Qe1 Qxf3 58. g5 Qf4+ 59. Kh3 Qxg5 60. Qa1 Qf5+ 61. Kh4 Kh7 0-1


[Site "https://www.chess.com"]

[Event "Titled Tuesday Blitz October 5 2021"]
[White "Mickiewicz, Piotr"]
[Black "Gasanov, Zaur"]
[WhiteFideId "1114891"]
[BlackFideId "34125970"]
[WhiteElo "2251"]
[BlackElo "2099"]
[Result "1-0"]
[Round "03"]
[TimeControl "180+1"]
[Date "2021.10.05"]
[WhiteClock "0:00:30"]
[BlackClock "0:00:02"]

1. Nf3 Nf6 2. g3 g6 3. Bg2 Bg7 4. O-O O-O 5. c4 c5 6. d4 cxd4 7. Nxd4 Nc6 8. Nc3 Nxd4 9. Qxd4 d6 10. b3 Qc7 11. Bb2 Be6 12. Rac1 a6 13. Rc2 Rab8 14. Rfc1 Rfc8 15. Qd2 h5 16. Nd5 Bxd5 17. cxd5 Qd7 18. h3 Kh7 19. Qd3 Qd8 20. g4 hxg4 21. hxg4 Rxc2 22. Rxc2 Nxg4 23. Qh3+ Nh6 24. Bc1 b5 25. b4 a5 26. a3 axb4 27. axb4 Ra8 28. Kh2 Qf8 29. Be4 f5 30. Bd3 Rc8 31. Rc6 Rb8 32. Bg5 Qf7 33. Qh4 Qxd5 34. Rc7 Rb7 35. e4 Qe5+ 36. f4 1-0


[Site "https://www.chess.com"]

[Event "Titled Tuesday Blitz October 5 2021"]
[White "Mirzoev, Azer"]
[Black "Aslanov, Umid"]
[WhiteFideId "13400304"]
[BlackFideId "13412620"]
[WhiteElo "2525"]
[BlackElo "1796"]
[Result "1-0"]
[Round "03"]
[TimeControl "180+1"]
[Date "2021.10.05"]
[WhiteClock "0:01:27"]
[BlackClock "0:00:05"]

1. d4 d5 2. Nf3 Nf6 3. Bf4 c5 4. e3 Nc6 5. c3 Bf5 6. Nbd2 e6 7. Bb5 Bd6 8. Qa4 Rc8 9. Bxd6 Qxd6 10. Qxa7 O-O 11. Qxc5 Qxc5 12. dxc5 Na7 13. Be2 Rxc5 14. O-O Rc7 15. a4 Nc6 16. Nd4 Nxd4 17. exd4 Nd7 18. Bb5 Ra8 19. Rfc1 f6 20. f3 e5 21. Nb3 b6 22. Kf2 Rac8 23. Re1 e4 24. Nd2 exf3 25. gxf3 Nf8 26. Nf1 Kf7 27. Ne3 Be6 28. Ng2 Ng6 29. Bd3 f5 30. h4 h5 31. Bc2 Kf6 32. Bb3 Re7 33. Re2 Rce8 34. a5 bxa5 35. Rxa5 f4 1-0


[Site "https://www.chess.com"]

[Event "Titled Tuesday Blitz October 5 2021"]
[White "Mogirzan, Matei-Valeriu"]
[Black "Csonka, Balazs"]
[WhiteFideId "1257455"]
[BlackFideId "742910"]
[WhiteElo "1733"]
[BlackElo "2404"]
[Result "1/2-1/2"]
[Round "03"]
[TimeControl "180+1"]
[Date "2021.10.05"]
[WhiteClock "0:00:04"]
[BlackClock "0:00:07"]

1. e4 c6 2. d4 d5 3. Nc3 dxe4 4. Nxe4 Nf6 5. Nxf6+ exf6 6. Bd3 Qxd4 7. Nf3 Qd8 8. Bf4 Bd6 9. Be3 O-O 10. Qe2 Nd7 11. O-O-O Be5 12. h4 h6 13. Bxh6 gxh6 14. Qe4 f5 15. Qxf5 Bxb2+ 16. Kxb2 Qf6+ 17. Qxf6 Nxf6 18. Ne5 Re8 19. Rhe1 Be6 20. g4 Rad8 21. g5 hxg5 22. hxg5 Nd5 23. g6 fxg6 24. Bxg6 Re7 25. Rg1 Rg7 26. Rd3 Rf8 27. Rdg3 Rxf2 28. Bh7+ Kxh7 29. Rxg7+ Kh8 30. R7g3 Bf5 31. Rh1+ Bh7 32. Ng6+ Kg7 33. Ne7+ Kf7 34. Nxd5 Bxc2 35. Nc3 Be4+ 36. Kb3 Bxh1 37. Re3 Bf3 38. Re5 Bh5 39. Rxh5 Kg7 40. Rg5+ Kf7 41. Rh5 Ke7 42. Rh7+ Rf7 43. Rxf7+ Kxf7 44. Kc4 Ke6 45. Kc5 Kd7 46. a4 b6+ 47. Kb4 a5+ 48. Kc4 Kd6 49. Ne4+ Kc7 50. Kd4 Kb7 51. Nd6+ Ka6 52. Kc4 b5+ 53. axb5+ cxb5+ 54. Nxb5 a4 55. Nc3 a3 56. Na2 Ka5 57. Kb3 Kb5 58. Kxa3 1/2-1/2


[Site "https://www.chess.com"]

[Event "Titled Tuesday Blitz October 5 2021"]
[White "Moroni, Luca Jr"]
[Black "Lewtak, Damian"]
[WhiteFideId "865834"]
[BlackFideId "1141724"]
[WhiteElo "2491"]
[BlackElo "2203"]
[Result "1-0"]
[Round "03"]
[TimeControl "180+1"]
[Date "2021.10.05"]
[WhiteClock "0:00:27"]
[BlackClock "0:00:07"]

1. d4 d6 2. e4 Nf6 3. Nc3 e5 4. dxe5 dxe5 5. Qxd8+ Kxd8 6. Bc4 Be6 7. Bxe6 fxe6 8. f3 Bd6 9. Be3 a6 10. Nh3 Ke7 11. Nf2 Nbd7 12. O-O b5 13. Rad1 h6 14. h4 Rag8 15. Nd3 g5 16. hxg5 hxg5 17. g4 c5 18. Kg2 c4 19. Nf2 Ne8 20. Rh1 Kf6 21. Rxh8 Rxh8 22. Nh3 Rg8 23. Ne2 Nf8 24. Ng3 Nh7 25. a4 b4 26. b3 cxb3 27. cxb3 Ke7 28. Nf1 Nef6 29. Nd2 Nd7 30. Nc4 Bc7 31. a5 Nb8 32. Bc5+ Kf6 33. Bxb4 Nc6 34. Bc3 Nf8 35. b4 Rg7 36. Nd6 Re7 37. Bd2 Nh7 38. Rc1 Nd4 39. Rxc7 1-0


[Site "https://www.chess.com"]

[Event "Titled Tuesday Blitz October 5 2021"]
[White "Mustafayev, Farid"]
[Black "Zlatin, Alexander"]
[WhiteFideId "13408771"]
[BlackFideId "2810549"]
[WhiteElo "2091"]
[BlackElo "2228"]
[Result "1-0"]
[Round "03"]
[TimeControl "180+1"]
[Date "2021.10.05"]
[WhiteClock "0:00:26"]
[BlackClock "0:01:14"]

1. d4 Nf6 2. c4 e6 3. Nc3 d5 4. cxd5 exd5 5. Bg5 Be7 6. e3 O-O 7. Bd3 b6 8. Nge2 Bb7 9. O-O Ne4 10. Bxe7 Qxe7 11. Nf4 Nxc3 12. bxc3 Nd7 13. Qh5 Nf6 14. Qh4 g6 15. Rae1 Rfe8 16. f3 Nd7 17. Qf2 c5 18. Bb5 a6 19. Bxd7 Qxd7 20. Nd3 cxd4 21. cxd4 f6 22. h4 a5 23. Rb1 Ba6 24. Rfd1 Bxd3 25. Rxd3 b5 26. Rc3 b4 27. Rc5 Rec8 28. Rbc1 Rxc5 29. Rxc5 a4 30. Qc2 Rb8 31. Rc7 b3 32. Qc5 Qe6 33. Re7 Qxe7 34. Qxe7 bxa2 35. Qe6+ Kg7 36. Qe7+ Kh6 37. Qa3 Rb1+ 38. Kh2 a1=Q 39. Qf8+ Kh5 40. g4+ Kxh4 41. Qh6# 1-0


[Site "https://www.chess.com"]

[Event "Titled Tuesday Blitz October 5 2021"]
[White "Nagy, Gabor"]
[Black "Swicarz, Maciej"]
[WhiteFideId "737119"]
[BlackFideId "1113585"]
[WhiteElo "2534"]
[BlackElo "2130"]
[Result "1-0"]
[Round "03"]
[TimeControl "180+1"]
[Date "2021.10.05"]
[WhiteClock "0:01:23"]
[BlackClock "0:00:15"]

1. e4 c6 2. Nc3 d5 3. Nf3 Nf6 4. e5 Ne4 5. Ne2 Bg4 6. d3 Nc5 7. d4 Ncd7 8. Ng5 e6 9. f3 Bf5 10. Ng3 Bg6 11. f4 h6 12. Nf3 c5 13. c3 Nc6 14. Bd3 Bxd3 15. Qxd3 cxd4 16. cxd4 Bb4+ 17. Bd2 Bxd2+ 18. Qxd2 g6 19. O-O Qb6 20. Rac1 h5 21. Rc3 Ndb8 22. Rb3 Qc7 23. Rc1 Na6 24. Nf1 O-O 25. f5 Kg7 26. f6+ Kh7 27. Ng5+ Kg8 28. Rg3 Qb6 29. Rxc6 bxc6 30. Nxe6 fxe6 31. Qh6 Qxd4+ 32. Kh1 1-0


[Site "https://www.chess.com"]

[Event "Titled Tuesday Blitz October 5 2021"]
[White "Nakamura, Hikaru"]
[Black "Stribuk, Artiom"]
[WhiteFideId "2016192"]
[BlackFideId "13515659"]
[WhiteElo "3201"]
[BlackElo "2726"]
[Result "1-0"]
[Round "03"]
[TimeControl "180+1"]
[Date "2021.10.05"]
[WhiteClock "0:02:36"]
[BlackClock "0:00:05"]

1. Nf3 Nf6 2. e3 g6 3. b3 Bg7 4. Bb2 O-O 5. d4 d5 6. c4 c6 7. Bd3 Bf5 8. Bxf5 gxf5 9. Nbd2 Nbd7 10. h3 e6 11. Qc2 h6 12. O-O-O b5 13. c5 Ne4 14. Rdf1 Ndf6 15. g4 fxg4 16. hxg4 Nxd2 17. Qxd2 Nxg4 18. Rfg1 f5 19. Nh4 Kh7 20. f3 Nf6 21. Qg2 Qe7 22. Ng6 Qf7 23. Ne5 Qc7 24. Rxh6+ Bxh6 25. Qg6+ Kh8 26. Qxh6+ Qh7 27. Ng6+ Kg8 28. Nxf8+ 1-0


[Site "https://www.chess.com"]

[Event "Titled Tuesday Blitz October 5 2021"]
[White "Omariev, Maksim"]
[Black "Gokerkan, Cem Kaan"]
[WhiteFideId "4193423"]
[BlackFideId "6336760"]
[WhiteElo "2451"]
[BlackElo "2382"]
[Result "1-0"]
[Round "03"]
[TimeControl "180+1"]
[Date "2021.10.05"]
[WhiteClock "0:00:37"]
[BlackClock "0:00:01"]

1. e4 c6 2. d4 d5 3. exd5 cxd5 4. Bd3 Nf6 5. h3 Nc6 6. c3 g6 7. Nf3 Bg7 8. O-O Bf5 9. Bxf5 gxf5 10. Re1 e6 11. Bf4 Qe7 12. Na3 Ne4 13. Nd2 a6 14. Nc2 Bf6 15. f3 Nxd2 16. Qxd2 O-O-O 17. a4 Rhg8 18. b4 Bg5 19. b5 Na5 20. bxa6 bxa6 21. Nb4 Nc4 22. Bxg5 Rxg5 23. Qf4 Rdg8 24. Ra2 Qb7 25. Nd3 Qb3 26. Ree2 Qd1+ 27. Ne1 Qb1 28. Kh2 h5 29. h4 R5g6 30. Rac2 a5 31. Nd3 Qf1 32. Ne5 Nxe5 33. dxe5 R6g7 34. c4 Qb1 35. cxd5+ Kd8 36. d6 Qb6 37. Qc4 1-0


[Site "https://www.chess.com"]

[Event "Titled Tuesday Blitz October 5 2021"]
[White "Onyshchuk, Volodymyr"]
[Black "Aggelis, Nikolaos"]
[WhiteFideId "14114038"]
[BlackFideId "4213220"]
[WhiteElo "2603"]
[BlackElo "2154"]
[Result "0-1"]
[Round "03"]
[TimeControl "180+1"]
[Date "2021.10.05"]
[WhiteClock "0:00:01"]
[BlackClock "0:00:06"]

1. e4 e5 2. Nf3 Nc6 3. Bc4 Bc5 4. c3 Nf6 5. d3 d6 6. Nbd2 Bb6 7. Bb3 Ne7 8. h3 Ng6 9. Nf1 Nh5 10. Ne3 O-O 11. O-O Nhf4 12. d4 c6 13. Bc2 Qf6 14. Nf5 Bxf5 15. exf5 Ne7 16. g3 Nxh3+ 17. Kg2 Nxf5 18. Kxh3 exd4 19. Qd3 g6 20. Kg2 dxc3 21. bxc3 d5 22. Bg5 Qg7 23. Rh1 Rfe8 24. Qd2 Nd6 25. Qf4 Ne4 26. Rae1 f5 27. Nd4 c5 28. Bxe4 fxe4 29. Bf6 Qf7 30. Rxh7 Qxh7 31. Rh1 Qxh1+ 32. Kxh1 cxd4 33. cxd4 Rf8 34. Qg5 Kf7 35. Be5 Bd8 36. Qh6 Bf6 37. Qh7+ Ke6 38. Qxg6 Rac8 39. Kg2 Rc2 40. g4 Ke7 41. Qf5 Rxa2 42. g5 Bg7 43. Qh7 Raxf2+ 44. Kg3 R8f3+ 45. Kh4 Rf7 46. Qg6 e3 0-1


[Site "https://www.chess.com"]

[Event "Titled Tuesday Blitz October 5 2021"]
[White "Ozen, Bahadir"]
[Black "Demchenko, Anton"]
[WhiteFideId "6337058"]
[BlackFideId "4160258"]
[WhiteElo "2503"]
[BlackElo "2583"]
[Result "0-1"]
[Round "03"]
[TimeControl "180+1"]
[Date "2021.10.05"]
[WhiteClock "0:00:03"]
[BlackClock "0:00:07"]

1. e4 e5 2. Nf3 Nc6 3. Bc4 Nf6 4. d3 h6 5. O-O d6 6. c3 g6 7. Re1 Bg7 8. Nbd2 O-O 9. Bb3 Kh8 10. Nf1 Nh7 11. d4 Bg4 12. dxe5 Nxe5 13. N1d2 Ng5 14. Re3 f5 15. Nxe5 Bxd1 16. Nxg6+ Kh7 17. Nxf8+ Qxf8 18. Bxd1 f4 19. Re1 Re8 20. f3 Kh8 21. Bb3 c6 22. Nf1 d5 23. e5 Rxe5 24. Rxe5 Bxe5 25. Bd2 Qg7 26. Kh1 Nf7 27. Re1 h5 28. Bc2 b5 29. Bxf4 Qf6 30. Bc1 Bf4 31. Ne3 Qh4 32. g3 Bxg3 33. Re2 Be5 34. Ng2 Qf6 35. f4 Bd6 36. Re8+ Kg7 37. Ne3 Nh6 38. Ng2 Nf5 39. Kg1 Nh4 40. Re3 Nxg2 41. Kxg2 Kf8 42. Rg3 Qe6 43. Kf1 d4 44. cxd4 Qc4+ 45. Bd3 Qxd4 46. Rf3 Bc5 47. Bd2 Qg1+ 48. Ke2 Qg2+ 0-1


[Site "https://www.chess.com"]

[Event "Titled Tuesday Blitz October 5 2021"]
[White "Pacheco Lugo, Alejandro Jose"]
[Black "Leitao, Rafael"]
[WhiteFideId "3903745"]
[BlackFideId "2101246"]
[WhiteElo "2125"]
[BlackElo "2609"]
[Result "0-1"]
[Round "03"]
[TimeControl "180+1"]
[Date "2021.10.05"]
[WhiteClock "0:00:07"]
[BlackClock "0:00:44"]

1. e4 e5 2. Nf3 Nc6 3. Bc4 Nf6 4. Ng5 d5 5. exd5 Na5 6. Bb5+ c6 7. dxc6 bxc6 8. Bd3 Nd5 9. Nf3 Bd6 10. O-O Nf4 11. Nc3 Nxd3 12. cxd3 O-O 13. b3 Bg4 14. h3 Bh5 15. Ne4 Re8 16. Re1 f5 17. Ng3 Bg6 18. Bb2 e4 19. dxe4 fxe4 20. Nd4 Be5 21. Nge2 c5 22. b4 cxd4 23. bxa5 Rb8 24. Ba3 Qxa5 25. Bc1 Rf8 26. a4 e3 27. fxe3 dxe3 28. Ra3 exd2 29. Qxd2 Qxd2 30. Bxd2 Bd6 31. Rc3 Bb4 32. Nd4 Bxc3 33. Bxc3 Rfe8 34. Rf1 Be4 35. Nf3 Rf8 36. Bd4 Bxf3 37. gxf3 Rb7 0-1


[Site "https://www.chess.com"]

[Event "Titled Tuesday Blitz October 5 2021"]
[White "Papasimakopoulos, Alexandros"]
[Black "Jary, Sergey"]
[WhiteFideId "4244125"]
[BlackFideId "14110350"]
[WhiteElo "2352"]
[BlackElo "2260"]
[Result "1-0"]
[Round "03"]
[TimeControl "180+1"]
[Date "2021.10.05"]
[WhiteClock "0:00:33"]
[BlackClock "0:00:01"]

1. d4 Nf6 2. c4 g6 3. Nc3 Bg7 4. e4 d6 5. f3 O-O 6. Nge2 Nc6 7. Be3 a6 8. Qd2 Rb8 9. Rc1 Bd7 10. Nd1 b5 11. c5 dxc5 12. Rxc5 e6 13. Qc3 b4 14. Qc1 Na7 15. Ng3 Nb5 16. Bxb5 Bxb5 17. Rxc7 h5 18. Ne2 h4 19. h3 Nh5 20. Bg5 Bf6 21. Bxf6 Qxf6 22. Qc5 Bxe2 23. Ne3 Bb5 24. Ng4 Qf4 25. Kd1 Rbd8 26. Re1 Rd7 27. Rxd7 Bxd7 28. Ne5 Rc8 29. Qxb4 Rc1+ 30. Ke2 Ng3+ 31. Kf2 Rc2+ 32. Kg1 Ne2+ 33. Kh1 Bb5 34. Qe7 Ng3+ 35. Kg1 Rc8 36. Nxg6 Qh6 37. Ne5 Qg7 38. Qxh4 Rc2 39. Ng4 Ne2+ 40. Kh2 Nf4 41. Rg1 Be8 42. Nf6+ Kf8 43. Qxf4 Rxb2 44. Qd6# 1-0


[Site "https://www.chess.com"]

[Event "Titled Tuesday Blitz October 5 2021"]
[White "Pasti, Aron"]
[Black "Schmakel, Sam"]
[WhiteFideId "785857"]
[BlackFideId "2039311"]
[WhiteElo "2080"]
[BlackElo "2356"]
[Result "1-0"]
[Round "03"]
[TimeControl "180+1"]
[Date "2021.10.05"]
[WhiteClock "0:00:14"]
[BlackClock "0:01:38"]

1. e4 c5 2. Nf3 e6 3. d4 cxd4 4. Nxd4 Nc6 5. Nc3 Qc7 6. Be3 a6 7. Qf3 Nf6 8. O-O-O Ne5 9. Qg3 b5 10. f4 Neg4 11. Bg1 h5 12. e5 b4 13. Na4 Nd5 14. h3 Nh6 15. f5 Bb7 16. fxe6 dxe6 17. Bd3 Be7 18. Be3 h4 19. Qxg7 Rg8 20. Qxh6 Nxe3 21. Nxe6 Qc6 22. Qxe3 fxe6 23. Qe2 Qxa4 24. Qh5+ 1-0


[Site "https://www.chess.com"]

[Event "Titled Tuesday Blitz October 5 2021"]
[White "Paul, Justin"]
[Black "Mekhitarian, Krikor Sevag"]
[WhiteFideId "2086581"]
[BlackFideId "2107660"]
[WhiteElo "2034"]
[BlackElo "2598"]
[Result "0-1"]
[Round "03"]
[TimeControl "180+1"]
[Date "2021.10.05"]
[WhiteClock "0:00:12"]
[BlackClock "0:00:05"]

1. e4 c5 2. Nf3 e6 3. b3 a6 4. Bb2 Nc6 5. g3 Nf6 6. Qe2 d6 7. Bg2 e5 8. h3 g6 9. O-O Bg7 10. a4 O-O 11. Na3 Re8 12. Nc4 d5 13. exd5 Nxd5 14. Rfe1 e4 15. Bxg7 Kxg7 16. Nh2 f5 17. c3 Be6 18. f3 Qc7 19. Qf2 exf3 20. Nxf3 Rad8 21. Qxc5 Qxg3 22. Qf2 Qxf2+ 23. Kxf2 Nf4 24. Bf1 Bxc4 25. Bxc4 Kf6 26. Kg3 g5 27. d4 Na5 28. Nxg5 Nxc4 29. Kxf4 Nd2 30. Re5 Rxe5 31. dxe5+ Ke7 32. Rd1 h6 33. Nf3 Nxb3 34. Rxd8 Kxd8 35. Kxf5 Nc5 36. Kf6 Ke8 37. e6 Ne4+ 38. Ke5 Nxc3 39. a5 Na4 40. Nd4 b6 41. axb6 Nxb6 42. Nf5 a5 43. Kd6 Nc4+ 44. Kc5 Ne5 45. Kd5 Ng6 46. Kd6 a4 47. Ne3 a3 48. Nc2 a2 49. Na1 h5 50. Nb3 h4 51. Na1 Nf4 52. Ke5 Nxh3 53. Kf5 Ng5 54. Kg4 h3 55. Kg3 Ke7 0-1


[Site "https://www.chess.com"]

[Event "Titled Tuesday Blitz October 5 2021"]
[White "Pert, Richard G"]
[Black "Siva Mahadevan"]
[WhiteFideId "404748"]
[BlackFideId "25043153"]
[WhiteElo "2441"]
[BlackElo "2203"]
[Result "0-1"]
[Round "03"]
[TimeControl "180+1"]
[Date "2021.10.05"]
[WhiteClock "0:00:01"]
[BlackClock "0:01:41"]

1. d4 Nf6 2. Nf3 g6 3. g3 Bg7 4. Bg2 O-O 5. O-O d6 6. Nc3 d5 7. Bf4 c6 8. h3 Na6 9. Re1 Bf5 10. Qd2 Qb6 11. Rab1 Ne4 12. Nxe4 dxe4 13. Ne5 Rad8 14. e3 g5 15. Bxg5 f6 16. Nc4 Qb4 17. Qxb4 Nxb4 18. Bh4 Nxc2 19. Rec1 Nb4 20. g4 Bg6 21. a3 Nd3 22. Rd1 c5 23. dxc5 Nxc5 24. Bg3 Bf7 25. Nd2 Bg6 26. b4 Na4 27. Rbc1 Nb2 28. Kf1 Rd7 29. Ke2 Nxd1 30. Rxd1 Rfd8 31. h4 h5 32. Bh3 hxg4 33. Bxg4 f5 34. h5 fxg4 35. hxg6 Bc3 36. Nxe4 Rxd1 37. Nxc3 Ra1 38. Nb5 a6 39. Nd4 Rxa3 40. Be5 Rd5 41. f4 gxf3+ 42. Nxf3 Ra2+ 43. Ke1 Rd3 44. Bd4 Rb3 45. Nd2 Rxb4 46. Bc3 Rg4 0-1


[Site "https://www.chess.com"]